 Dungeon Crawl Stone Soup version 0.30.0-10-gfe55d96785 (webtiles) character file.

Game seed: 8007513312400595629

5099 qw the Cleaver (level 10, -6/64 HPs)
             Began as a Gargoyle Cinder Acolyte on May 17, 2023.
             Was an Initiate of Ignis.
             Mangled by a komodo dragon (14 damage)
             ... on level 10 of the Dungeon.
             The game lasted 00:04:47 (8085 turns).

qw the Cleaver (Gargoyle Cinder Acolyte)            Turns: 8085, Time: 00:04:48

Health: -6/64      AC: 27    Str: 22    XL:     10   Next: 57%
Magic:  11/11      EV:  8    Int: 15    God:    Ignis [......]
Gold:   441        SH:  4    Dex:  5    Spells: 11/11 levels left

rFire   + . .        d - +0 war axe
rCold   . . .        c - +0 buckler
rNeg    + + .        a - +0 chain mail
rPois   inf          j - +2 helmet of Orthodoxy {rElec Stlth+}
rElec   +            (no cloak)
rCorr   .            h - +1 pair of gloves
SInv    .            (no boots)
Will    .....        (no amulet) Stlth
                     l - ring of positive energy
HPRegen 0.30/turn    (no ring)
MPRegen 0.12/turn

%: no passive effects
@: about to teleport, fiery-armoured
A: sickness immunity, AC +7, negative energy resistance 1, electricity
resistance, torment resistance 1, petrification resistance, talons 1, iridescent
scales 1, deformed body
a: Renounce Religion, Rising Flame


You were on level 10 of the Dungeon.
You worshipped Ignis.
Ignis was noncommittal.
You visited 1 branch of the dungeon, and saw 10 of its levels.

You collected 519 gold pieces.
You spent 78 gold pieces at shops.


Innate Abilities, Weirdness & Mutations

You are immune to sickness and miasma.
Your stone body is resilient. (AC +7)
You are immune to poison.
You resist negative energy. (rN+)
You are resistant to electric shocks. (rElec)
You are resistant to unholy torment.
You are immune to petrification.
You have sharp toenails.
You are partially covered in iridescent scales. (AC +2)
Armour fits poorly on your strangely shaped body.


   Skills:
 - Level 8.1 Fighting
 - Level 11.0 Axes
 + Level 5.9 Armour
 - Level 1.1 Dodging
 - Level 5.0 Shields
 - Level 1.0 Spellcasting
 - Level 3.0 Fire Magic


You had 11 spell levels left.
You didn't know any spells.
Your spell library contained the following spells:

 Spells                   Type           Power      Damage    Failure   Level
 Scorch                   Fire           18%        2d5       58%         2

Inventory:

Hand Weapons
 d - a +0 war axe (weapon)
 i - a +0 flail
Armour
 a - a +0 chain mail (worn)
 c - a +0 buckler (worn)
 h - a +1 pair of gloves (worn)
 j - the +2 helmet of Orthodoxy (worn) {rElec Stlth+}
   (You found it on level 3 of the Dungeon)

   rElec:     It insulates you from electricity.
   Stlth:     It makes you more stealthy.
Jewellery
 l - a ring of positive energy (left hand)
Wands
 n - a wand of digging (8)
Scrolls
 b - 2 scrolls of teleportation
 g - a scroll of identify
Potions
 e - a potion of haste
 f - a potion of might
 k - 3 potions of curing
 m - a potion of lignification {unknown}
 r - 2 potions of heal wounds

Dungeon Overview and Level Annotations

Branches:
Dungeon (10/15)            Temple (0/1) D:7
   Lair: D:8-11         Orc: D:9-12

Altars:
Cheibriados
Dithmenos
Elyvilon
Fedhas
Gozag
Hepliaklqana
Makhleb
Ru
Uskayaw
Vehumet
Zin

Shops:
D:2 *   D:7 (

Annotations:
D:5 Pikel
D:7 2 transporters, qw's ghost, novice GrCA
D:9 3 runed translucent doors, qw's ghost, journeyman GrCA


Message History

You climb downwards.
Found a long fluorescent wand.
There is a stone staircase leading up here.
Waypoint 9 assigned to D:10.
n - a wand of digging (8)
You now have 441 gold pieces (gained 5).
A komodo dragon comes into view.
The komodo dragon hisses angrily.
The komodo dragon moves out of view.
Enter note:
Enter note: You open the door.
There is an open door here.
You hit the komodo dragon.
You claw the komodo dragon, but do no damage.
The komodo dragon is lightly wounded.
The komodo dragon bites you!!
You hit the komodo dragon but do no damage.
The komodo dragon is lightly wounded.
The komodo dragon bites you!!
8082 ||| INVOKING Fiery Armour.
A protective cloak of flame settles atop you.
You can no longer armour yourself in flame.
You can no longer call a swarm of foxfires against your foes.
The komodo dragon bites you but does no damage.
You slash the komodo dragon!
You claw the komodo dragon, but do no damage.
The komodo dragon is moderately wounded.
The komodo dragon hisses menacingly.
The komodo dragon bites you but does no damage.
You closely miss the komodo dragon.
The komodo dragon is moderately wounded.
The komodo dragon bites you!
The komodo dragon is burned by your cloak of flames.
The komodo dragon is moderately wounded.
8085 ||| READING 3 scrolls of teleportation.
As you read the scroll of teleportation, it crumbles to dust.
You feel strangely unstable. The komodo dragon bites you!
You die...

## #. # #.. ##.. #..
#.... ####..####....P
#. ...........P.P.
#.. .........PP.P..
....###+####@#..P..#
#.............l.P...#
#..........####..PPP#
#..........# .....#
#..........#


.PPP. #..........# P.P.. #..........##### P.P. #...................P
#................ You could see a komodo dragon.

Vanquished Creatures
  Erica (D:9)
  A troll (D:9)
  6 yaks (D:9)
  Eustachio (D:6)
  A wyvern (D:7)
  A steam dragon (D:9)
  Menkaure (D:7)
  2 water moccasins
  Duvessa (D:6)
  An orc warrior (D:9)
  3 sky beasts
  2 black bears (D:6)
  A centaur (D:7)
  2 phantoms (D:5)
  4 lemures
  4 kobold brigands
  3 bullfrogs (D:7)
  A scorpion (D:6)
  4 wights (D:7)
  Dowan (D:6)
  9 killer bees
  3 hounds
  3 jellies
  A sleepcap (D:6)
  5 iguanas
  An orc wizard (D:9)
  A statue (D:8)
  3 gnolls (D:5)
  10 adders
  2 river rats (D:6)
  A white imp (D:7)
  An ufetubus (D:7)
  4 worms
  A dart slug (D:3)
  14 orcs
  10 endoplasms
  3 giant cockroaches
  9 goblins
  9 hobgoblins
  6 jackals
  21 kobolds
  4 quokkas
  14 ball pythons
  6 bats
  A frilled lizard (D:1)
  8 rats
191 creatures vanquished.

Notes
Turn   | Place    | Note
-------+----------+-------------------------------------------
     0 | D:1      | qw the Gargoyle Cinder Acolyte began the quest for the Orb.
     0 | D:1      | Reached XP level 1. HP: 14/14 MP: 2/2
     0 | D:1      | 0 ||| qw: Version: 0.2-a-95-g4c1bab1
     0 | D:1      | 0 ||| qw: Game counter: 146
     0 | D:1      | 0 ||| qw: Always use a shield: true
     0 | D:1      | 0 ||| qw: God list: Okawaru
     0 | D:1      | 0 ||| qw: Allow faded altars: false
     0 | D:1      | 0 ||| qw: Do Orc after D:15 true
     0 | D:1      | 0 ||| qw: Do second Lair branch before Depths: true
     0 | D:1      | 0 ||| qw: Lair rune preference: random
     0 | D:1      | 0 ||| qw: Plans: Normal
     0 | D:1      | 0 ||| PLANNING D:1-11
    36 | D:1      | 36 ||| Stepping ~*~*~tactically~*~*~ (stealth).
    37 | D:1      | 37 ||| Stepping ~*~*~tactically~*~*~ (stealth).
    44 | D:1      | Reached skill level 3 in Axes
    84 | D:1      | Reached XP level 2. HP: 19/19 MP: 3/3
    87 | D:1      | 87 ||| Stepping ~*~*~tactically~*~*~ (stealth).
   140 | D:1      | 140 ||| Stepping ~*~*~tactically~*~*~ (stealth).
   215 | D:1      | 215 ||| INVOKING Fiery Armour.
   311 | D:1      | 311 ||| Stepping ~*~*~tactically~*~*~ (stealth).
   316 | D:1      | Reached XP level 3. HP: 23/23 MP: 4/4
   325 | D:1      | 325 ||| Stepping ~*~*~tactically~*~*~ (stealth).
   332 | D:1      | 332 ||| Stepping ~*~*~tactically~*~*~ (stealth).
   335 | D:1      | 335 ||| Stepping ~*~*~tactically~*~*~ (stealth).
   351 | D:1      | 351 ||| Stepping ~*~*~tactically~*~*~ (stealth).
   397 | D:1      | 397 ||| Stepping ~*~*~tactically~*~*~ (stealth).
   405 | D:1      | 405 ||| Stepping ~*~*~tactically~*~*~ (stealth).
   439 | D:1      | 439 ||| Stepping ~*~*~tactically~*~*~ (stealth).
   446 | D:1      | Reached skill level 4 in Axes
   649 | D:1      | 649 ||| READING scroll labelled IMUPIT JORI.
   650 | D:1      | 650 ||| READING 2 scrolls labelled SOX HERCHOIPP.
   651 | D:1      | 651 ||| READING scroll labelled MOEBLU BUROJAO.
   652 | D:1      | 652 ||| READING scroll labelled LEWKEUCOCW.
   653 | D:1      | 653 ||| READING scroll labelled BICUMI UCOIRAID.
   694 | D:1      | 694 ||| DROPPING +0 club.
   695 | D:1      | 695 ||| DROPPING scroll of magic mapping.
   961 | D:2      | Reached XP level 4. HP: 25/28 MP: 5/5
  1159 | D:2      | Found a burning altar of Makhleb.
  1179 | D:2      | Found Olatyraifa's Assorted Antiques.
  1186 | D:2      | 1186 ||| SHOPLISTING glowing plate armour (572 gold, have
                  | 59).
  1186 | D:2      | 1186 ||| SHOPLISTING potion of curing (66 gold, have 59).
  1186 | D:2      | 1186 ||| SHOPLISTING runed orb (264 gold, have 59).
  1186 | D:2      | 1186 ||| BUYING scroll labelled ANA LOEHEUP (22 gold).
  1186 | D:2      | Bought a scroll labelled ANA LOEHEUP for 22 gold pieces
  1186 | D:2      | 1186 ||| SHOPLISTING scroll of identify (44 gold, have 37).
  1186 | D:2      | 1186 ||| SHOPLISTING slimy scale mail (198 gold, have 37).
  1304 | D:2      | 1304 ||| Stepping ~*~*~tactically~*~*~ (stealth).
  1344 | D:2      | Identified the +1 leather armour of Painted Music {rN+
                  | Stlth+}
  1643 | D:2      | 1643 ||| UPGRADING to +0 chain mail.
  1653 | D:2      | 1653 ||| DROPPING +0 robe.
  1654 | D:2      | 1654 ||| UPGRADING to +1 pair of gloves.
  1659 | D:2      | 1659 ||| READING scroll labelled RUPIRO BELI.
  1660 | D:2      | 1660 ||| READING scroll labelled JYGATT WUSSU.
  1661 | D:2      | 1661 ||| READING scroll labelled ANA LOEHEUP.
  1662 | D:2      | 1662 ||| READING scroll labelled DUMPUN ET LOUTUWK.
  1663 | D:2      | 1663 ||| READING scroll labelled AFEUVO DUFFY.
  1666 | D:2      | 1666 ||| DRINKING 2 bubbling pink potions.
  1667 | D:2      | 1667 ||| DROPPING potion of attraction.
  1753 | D:3      | Identified the +2 helmet of Orthodoxy {rElec Stlth+}
  1963 | D:3      | 1963 ||| Stepping ~*~*~tactically~*~*~ (stealth).
  1978 | D:3      | Reached skill level 1 in Armour
  1981 | D:3      | 1981 ||| INVOKING Fiery Armour.
  2049 | D:3      | Reached XP level 5. HP: 27/32 MP: 6/6
  2305 | D:3      | 2305 ||| UPGRADING to +2 helmet of Orthodoxy {rElec
                  | Stlth+}.
  2310 | D:3      | 2310 ||| UPGRADING to ring of positive energy.
  2311 | D:3      | 2311 ||| READING scroll labelled YRUSEI KOIVE.
  2370 | D:4      | Noticed a +0 hand axe
  2372 | D:4      | Noticed a +0 dagger
  2374 | D:4      | Found a hide-covered altar of Uskayaw.
  2412 | D:4      | 2412 ||| SWAPPING to +1 hand axe of draining.
  2413 | D:4      | 2413 ||| DROPPING +0 heavy hand axe.
  2572 | D:4      | 2572 ||| Stepping ~*~*~tactically~*~*~ (hiding).
  2616 | D:4      | Found a hazy altar of Hepliaklqana.
  2619 | D:4      | 2619 ||| Stepping ~*~*~tactically~*~*~ (stealth).
  2620 | D:4      | 2620 ||| Stepping ~*~*~tactically~*~*~ (stealth).
  2663 | D:4      | Found a blossoming altar of Fedhas.
  2668 | D:4      | 2668 ||| Stepping ~*~*~tactically~*~*~ (stealth).
  2704 | D:4      | Found a white marble altar of Elyvilon.
  2729 | D:4      | 2729 ||| DROPPING +0 whip.
  2990 | D:4      | 2990 ||| DROPPING ring of flight.
  2991 | D:4      | 2991 ||| READING scroll labelled FUGRIYD NOIHUST.
  2992 | D:4      | 2992 ||| READING scroll labelled WAFIG CUMUODD.
  2993 | D:4      | 2993 ||| DRINKING 2 bubbling golden potions.
  2994 | D:4      | 2994 ||| DRINKING 2 cyan potions.
  2994 | D:4      | Gained mutation: Potions are less effective at restoring
                  | your health. [potion of mutation]
  2994 | D:4      | Gained mutation: You are dopey. (Int -2) [potion of
                  | mutation]
  2994 | D:4      | Gained mutation: Your body sometimes deteriorates upon
                  | taking damage. [potion of mutation]
  2994 | D:4      | Gained mutation: You have large cloven feet. [potion of
                  | mutation]
  2995 | D:4      | 2995 ||| DRINKING potion of mutation.
  2995 | D:4      | Lost mutation: You have large cloven feet. [potion of
                  | mutation]
  2995 | D:4      | Lost mutation: You are dopey. (Int -2) [potion of mutation]
  2995 | D:4      | Lost mutation: Your body sometimes deteriorates upon taking
                  | damage. [potion of mutation]
  2995 | D:4      | Gained mutation: You have hidden genetic potential. [potion
                  | of mutation]
  2995 | D:4      | Gained mutation: You are partially covered in iridescent
                  | scales. (AC +2) [potion of mutation]
  2996 | D:4      | 2996 ||| READING 2 scrolls of identify.
  2996 | D:4      | 2996 ||| IDENTIFYING red potion
  2997 | D:4      | 2997 ||| DROPPING potion of invisibility.
  2998 | D:4      | 2998 ||| DROPPING potion of degeneration.
  3015 | D:5      | Entered Level 5 of the Dungeon
  3074 | D:5      | Reached skill level 5 in Axes
  3168 | D:5      | 3168 ||| DRINKING potion of mutation.
  3168 | D:5      | Lost mutation: Potions are less effective at restoring your
                  | health. [potion of mutation]
  3168 | D:5      | Lost mutation: You have hidden genetic potential. [potion
                  | of mutation]
  3168 | D:5      | Gained mutation: Armour fits poorly on your strangely
                  | shaped body. [potion of mutation]
  3168 | D:5      | Gained mutation: You have sharp toenails. [potion of
                  | mutation]
  3331 | D:5      | Reached XP level 6. HP: 38/38 MP: 7/7
  3483 | D:5      | 3483 ||| INVOKING Fiery Armour.
  3486 | D:5      | Reached skill level 3 in Armour
  3605 | D:5      | Found a shadowy altar of Dithmenos.
  3718 | D:5      | 3718 ||| UPGRADING to +0 buckler.
  3723 | D:5      | 3723 ||| READING 2 scrolls of identify.
  3723 | D:5      | 3723 ||| IDENTIFYING clear potion
  3746 | D:6      | Noticed Pikel
  3747 | D:6      | 3747 ||| PLANNING SEWER
  3751 | D:6      | 3751 ||| STAIRDANCE
  3766 | D:5      | 3766 ||| INVOKING Fiery Armour.
  3766 | D:5      | HP: 9/38 [Pikel/+0 whip of flaming (7)]
  3767 | D:5      | 3767 ||| READING 2 scrolls of teleportation.
  3911 | D:6      | Noticed a sky beast
  3933 | D:6      | Killed a sky beast
  3934 | D:6      | Reached skill level 3 in Shields
  3934 | D:6      | Reached XP level 7. HP: 41/43 MP: 8/8
  3945 | D:6      | Noticed Eustachio
  3955 | D:6      | 3955 ||| INVOKING Fiery Armour.
  3971 | D:6      | Killed Eustachio
  3972 | D:6      | Reached skill level 6 in Axes
  4062 | D:6      | 4062 ||| Stepping ~*~*~tactically~*~*~ (stealth).
  4063 | D:6      | 4063 ||| Stepping ~*~*~tactically~*~*~ (stealth).
  4067 | D:6      | 4067 ||| Stepping ~*~*~tactically~*~*~ (stealth).
  4099 | D:6      | 4099 ||| Stepping ~*~*~tactically~*~*~ (stealth).
  4113 | D:6      | Reached skill level 7 in Axes
  4113 | D:6      | Reached XP level 8. HP: 43/48 MP: 9/9
  4154 | D:6      | 4154 ||| Stepping ~*~*~tactically~*~*~ (stealth).
  4365 | D:6      | 4365 ||| Stepping ~*~*~tactically~*~*~ (water).
  4414 | D:6      | 4414 ||| RIP SEWER
  4415 | D:6      | 4415 ||| PLANNING D:1-11
  4589 | D:6      | 4589 ||| Stepping ~*~*~tactically~*~*~ (hiding).
  4593 | D:6      | Noticed Duvessa
  4596 | D:6      | Noticed Dowan
  4597 | D:6      | 4597 ||| INVOKING Fiery Armour.
  4604 | D:6      | Killed Duvessa
  4607 | D:6      | Killed Dowan
  4610 | D:6      | Reached skill level 8 in Axes
  4661 | D:6      | Found a snail-covered altar of Cheibriados.
  4755 | D:6      | Found a glowing silver altar of Zin.
  4755 | D:6      | Found a sacrificial altar of Ru.
  4856 | D:6      | 4856 ||| READING 3 scrolls of identify.
  4856 | D:6      | 4856 ||| IDENTIFYING glowing grey potion
  4857 | D:6      | 4857 ||| READING 2 scrolls of identify.
  4857 | D:6      | 4857 ||| IDENTIFYING sedimented ruby potion
  4858 | D:6      | 4858 ||| DROPPING potion of ambrosia.
  4886 | D:7      | Found Fosanis's Weapon Boutique.
  4892 | D:7      | 4892 ||| BUYING +0 war axe (56 gold).
  4892 | D:7      | Bought a +0 war axe for 56 gold pieces
  4892 | D:7      | 4892 ||| SWAPPING to +0 war axe.
  4893 | D:7      | 4893 ||| DROPPING +1 hand axe of draining.
  4900 | D:7      | Found a transporter.
  5007 | D:7      | Found a staircase to the Ecumenical Temple.
  5009 | D:7      | Noticed a wyvern
  5025 | D:7      | 5025 ||| INVOKING Fiery Armour.
  5025 | D:7      | Killed a wyvern
  5026 | D:7      | Reached skill level 6 in Fighting
  5026 | D:7      | Reached XP level 9. HP: 22/56 MP: 10/10
  5524 | D:7      | Reached skill level 9 in Axes
  5609 | D:7      | Noticed Menkaure
  5614 | D:7      | Killed Menkaure
  5842 | D:7      | Noticed qw's ghost (novice GrCA)
  5842 | D:7      | Identified the +9 great mace of the Cursing Wasp {flame,
                  | Will+ Str+4}
  5854 | D:7      | 5854 ||| READING 2 scrolls of identify.
  5854 | D:7      | 5854 ||| IDENTIFYING emerald potion
  5855 | D:7      | 5855 ||| DROPPING potion of flight.
  5856 | D:7      | Found a transporter.
  5906 | D:8      | 5906 ||| STAIRDANCE
  5917 | D:7      | 5917 ||| INVOKING Fiery Armour.
  6249 | D:8      | 6249 ||| Stepping ~*~*~tactically~*~*~ (hiding).
  6250 | D:8      | 6250 ||| Stepping ~*~*~tactically~*~*~ (hiding).
  6499 | D:8      | 6499 ||| Stepping ~*~*~tactically~*~*~ (stealth).
  6644 | D:8      | Found a radiant altar of Vehumet.
  6645 | D:8      | 6645 ||| INVOKING Fiery Armour.
  6672 | D:8      | 6672 ||| READING 2 scrolls of identify.
  6672 | D:8      | 6672 ||| IDENTIFYING grey potion
  6673 | D:8      | 6673 ||| DROPPING potion of brilliance.
  6681 | D:8      | 6681 ||| Stepping ~*~*~tactically~*~*~ (stealth).
  6734 | D:9      | Noticed a troll
  6737 | D:9      | Killed a troll
  6758 | D:9      | Noticed Erica
  6759 | D:9      | 6759 ||| Stepping ~*~*~tactically~*~*~ (stealth).
  6773 | D:9      | 6773 ||| INVOKING Fiery Armour.
  6790 | D:9      | Killed Erica
  6791 | D:9      | Reached skill level 10 in Axes
  6791 | D:9      | Reached XP level 10. HP: 46/63 MP: 11/11
  6793 | D:9      | 6793 ||| Stepping ~*~*~tactically~*~*~ (stealth).
  6800 | D:9      | Reached skill level 1 in Dodging
  6912 | D:9      | Found an opulent altar of Gozag.
  7052 | D:9      | 7052 ||| INVOKING Fiery Armour.
  7225 | D:9      | 7225 ||| Stepping ~*~*~tactically~*~*~ (stealth).
  7226 | D:9      | 7226 ||| Stepping ~*~*~tactically~*~*~ (stealth).
  7415 | D:9      | 7415 ||| DROPPING +2 mace of venom.
  7506 | D:9      | 7506 ||| Stepping ~*~*~tactically~*~*~ (hiding).
  7513 | D:9      | Reached skill level 11 in Axes
  7529 | D:9      | 7529 ||| INVOKING Fiery Armour.
  7555 | D:9      | Found a runed translucent gate.
  7556 | D:9      | Found a runed translucent gate.
  7557 | D:9      | Found a runed translucent gate.
  7559 | D:9      | Noticed qw's ghost (journeyman GrCA)
  7587 | D:9      | 7587 ||| Stepping ~*~*~tactically~*~*~ (stealth).
  8008 | D:9      | 8008 ||| DRINKING 3 bubbling white potions.
  8028 | D:10     | Entered Level 10 of the Dungeon
  8082 | D:10     | 8082 ||| INVOKING Fiery Armour.
  8084 | D:10     | HP: 8/64 [komodo dragon (17)]
  8085 | D:10     | 8085 ||| READING 3 scrolls of teleportation.
  8085 | D:10     | Mangled by a komodo dragon

Levels and vault maps discovered:
D:1:      dpeg_arrival_water_temple_mockup, layout_basic, minmay_tetromino_l2
D:2:      kennysheep_big_flooded_room, layout_basic, serial_shops, shop,
          basic_altar
D:3:      layout_loops_ring
D:4:      layout_loops_ring, elyvilon_altar_5,
          mainiacjoe_overflow_small_starburst, dancing_weapons_uskayaw,
          general_overflow_altar
D:5:      layout_loops_ring, grunt_dithmenos_shadows,
          chequers_serial_rivers_micro_d
D:6:      layout_rooms, mainiacjoe_overflow_24_doors,
          mainiacjoe_overflow_divided_tiny, gup_sewer_entry_spiral,
          uniq_eustachio, uniq_duvessa, uniq_pikel
D:7:      layout_gridville, minmay_temple_entry_overgrown,
          gammafunk_ghost_smash, serial_shops, nicolae_shop_peninsula,
          uniq_menkaure
D:8:      layout_loops_ring, vehumet_statue, grunt_ministairs_9
D:9:      layout_loops_corners, grunt_gozag_breadcrumbs,
          ebering_ghost_rock_garden, uniq_erica
D:10:     cheibrodos_fzero, layout_stronghold, grunt_lair_entry_orc_guard_hut,
          david_orc_2

Skill      XL: |  1  2  3  4  5  6  7  8  9 10 |
---------------+-------------------------------+-----
Axes           | 3 4 5 7 8 10 11 | 11.0
Armour         | 1 2 3 4 5 |  5.9
Fighting       | 4 6 7 8 |  8.1
Shields        | 3 4 5 |  5.0
Dodging        | 1 |  1.1
Spellcasting   | |  1.0
Fire Magic     | |  3.0

Action                     |  1- 3 |  4- 6 |  7- 9 | 10-12 || total
---------------------------+-------+-------+-------+-------++-------
  Melee: Hand axe          |   107 |   224 |   159 |       ||   490
         Kick              |       |     4 |    57 |    17 ||    78
         War axe           |       |       |   163 |   107 ||   270
 Invoke: Fiery Armour      |     1 |     3 |     6 |     3 ||    13
    Use: Scroll            |     5 |    11 |     4 |     1 ||    21
         Potion            |       |     5 |       |     1 ||     6
 Armour: Robe              |    50 |    16 |       |       ||    66
         Chain mail        |       |   141 |   286 |    93 ||   520
  Dodge: Dodged            |    51 |    97 |   134 |    35 ||   317
  Block: Buckler           |       |     4 |    57 |    17 ||    78

Table legend:
 A = Non-vault XP
 B = Vault XP
 C = Vault XP percentage of total XP
 D = Non-vault monster count
 E = Vault monster count
 F = Vault count percentage of total count
                 A         B        C        D         E       F
            +---------+---------+-------+---------+---------+-------
      Total |    5413 |    1872 |  25.7 |     167 |      20 |  10.7
            +---------+---------+-------+---------+---------+-------
        D:1 |      53 |       2 |   3.6 |      30 |       1 |   3.2
        D:2 |      74 |       2 |   2.6 |      21 |       2 |   8.7
        D:3 |      44 |       0 |   0.0 |      21 |       0 |   0.0
        D:4 |      46 |       0 |   0.0 |      11 |       0 |   0.0
        D:5 |     292 |     101 |  25.7 |       9 |       1 |  10.0
        D:6 |    1024 |     445 |  30.3 |      19 |       9 |  32.1
        D:7 |     916 |     469 |  33.9 |      13 |       5 |  27.8
        D:8 |     341 |      32 |   8.6 |      11 |       1 |   8.3
        D:9 |    2623 |     821 |  23.8 |      32 |       1 |   3.0
            +---------+---------+-------+---------+---------+-------
